Unix NetHack Version 5.0.0-0 post-release - last build Jul 14 2026 02:55:29 (1809b74e8187c3a3585e283601c3028b46cbbdcb,branch:main).

Game began 2026-07-18 15:27:07, ended 2026-07-18 16:27:24.

Booker, lawful male human Knight

                              --------------------
                              |........|...|.....|
                              |.....-00|.-.|.....|
                              |..|.0.0.|00.|.....|
                              |-@|..-..|.-.|..<..|
                              |g..--.......|.....|
                              |...|.0.-...-|.....|
                              |...|0.|...--|.....|
                              |-..|..-----------+|
                              |[..)..^.....^^^^^.|
                              |...|.>-------------
                              --------

Booker the Bachelor      St:16 Dx:10 Co:14 In:9 Wi:16 Ch:17  Lawful S:5538
Dlvl:5  $:72 HP:0(61) Pw:73(73) AC:-2 Xp:7/1274 T:6600  Burdened

Latest messages:
 The Green-elf hits!
 You hit the Green-elf!
 The Green-elf thrusts her elven short sword.
 The Green-elf misses!
 The Green-elf thrusts her elven short sword.
 The Green-elf hits!
 You miss the Green-elf.
 The Green-elf thrusts her elven short sword.
 The Green-elf hits!
 You hit the Green-elf.
 You hit the Green-elf!
 The Green-elf thrusts her elven short sword.
 The Green-elf misses!
 You kill the Green-elf!
 There are several objects here.
 You have a little trouble lifting K - an elven mithril-coat.
 What do you want to take off? [efst or ?*]
 Never mind.
 You were wearing a +0 cloak of protection.
 You were wearing an uncursed +1 ring mail.
 You finish disrobing.
 What do you want to wear? [csKX or ?*]
 You finish your dressing maneuver.
 What do you want to wear? [sX or ?*]
 You are now wearing a cloak of protection.
 What do you want to drop? [$a-ce-mo-tv-zA-KTUW-Y or ?*]
 You drop an uncursed +1 ring mail.
 What do you want to drop? [$abe-mo-tv-zA-KTUW-Y or ?*]
 You drop a +0 cloak of protection.
 You see here a partly eaten egg.
 With great effort you move the boulder.
 With great effort you move the boulder.
 You see here a partly eaten egg.
 With great effort you move the boulder.
 The boulder suddenly rolls away from you!
 You hear a boulder fall.
 You see a gargoyle hatch.
 The gargoyle strikes at thin air!
 You hit the gargoyle.
 The gargoyle hits!
 The gargoyle hits again!
 The gargoyle bites!
 You miss the gargoyle.
 The gargoyle misses!
 The gargoyle hits!
 The gargoyle misses!
 The gargoyle hits!
 The gargoyle hits again!
 The gargoyle bites!
 You die...

Inventory:
 Coins    ('$')
  $ - 72 gold pieces
 Weapons  (')')
  a - an uncursed +1 long sword (weapon in right hand)
  b - a blessed +1 lance
 Armor    ('[')
  t - an uncursed cracked +2 helm of brilliance (being worn)
  f - an uncursed +0 pair of leather gloves (being worn)
  e - an uncursed +0 small shield (being worn)
  X - an uncursed +0 cloak of protection (being worn)
  K - an uncursed +0 elven mithril-coat (being worn)
 Comestibles  ('%')
  g - 6 uncursed apples
  v - 2 uncursed candy bars labeled "Berry Bar"
  J - an uncursed candy bar labeled "Om-nom"
  h - 4 uncursed carrots
  E - 2 uncursed food rations
  I - an uncursed tin of soup made from gargoyle meat
 Scrolls  ('?')
  T - 2 uncursed scrolls of blank paper
  m - 2 uncursed scrolls of earth
  p - an uncursed scroll of enchant weapon
  F - a cursed scroll of enchant weapon
  C - an uncursed scroll of remove curse
  w - 2 uncursed scrolls of teleportation
 Potions  ('!')
  k - an uncursed potion of acid
  q - a cursed potion of confusion
  r - a blessed potion of healing
  U - an uncursed potion of healing
  B - an uncursed potion of levitation
  j - an uncursed potion of see invisible
  y - an uncursed potion of sickness
  l - an uncursed potion of sleeping
  x - an uncursed potion of speed
  D - a potion of holy water
 Rings    ('=')
  o - an uncursed ring of invisibility (on right hand)
  G - an uncursed ring of see invisible (on left hand)
  A - an uncursed ring of teleport control
 Wands    ('/')
  H - an uncursed wand of digging (0:3)
  i - an uncursed wand of make invisible (0:8)
  z - an uncursed wand of stasis (0:1)
 Tools    ('(')
  W - an uncursed brass lantern
  Y - an uncursed tin whistle

Booker the Knight's attributes:

Background:
 You were a Bachelor, a level 7 male human Knight.
 You were lawful, nominally on a mission for Lugh
 who was opposed by Brigit (neutral) and Manannan Mac Lir (chaotic).
 You were right-handed.
 You were in Sokoban, on level 5.
 You entered the dungeon 6600 turns ago.
 You had 1274 experience points, 6 more were needed to attain level 8.
 Your score was 5538 before end-of-game adjustments.

Basics:
 You had 0 out of 61 hit points.
 You had all 73 energy points (spell power).
 Your armor class was -2.
 Your wallet contained 72 zorkmids.
 Autopickup was off.

Final Characteristics:
 Your strength was 16 (limit:18/100).
 Your dexterity was 10 (limit:18).
 Your constitution was 14 (limit:18).
 Your intelligence was 9 (base:7, limit:18).
 Your wisdom was 16 (base:14, limit:18).
 Your charisma was 17 (limit:18).

Final Status:
 You weren't hungry.
 You were burdened; movement was slightly slowed.
 You were wielding a long sword.
 You were skilled in long sword and could have enhanced that.

Final Attributes:
 You were piously aligned.
 You saw invisible.
 You were telepathic.
 You were invisible to others.
 You could jump.
 You were protected.
 You were fast.
 You are dead.

Miscellaneous:
 You disabled loading and storing of bones levels.
 Total elapsed playing time was 1 hour and 16 seconds.

Major events:
 Turn
    1: Booker the lawful male human Knight entered the dungeon
 1573: attained the rank of Esquire (level 3)
 3616: attained the rank of Bachelor (level 6)
 5103: entered Sokoban
 5666: completed 1st Sokoban level
 6336: completed 2nd Sokoban level
 6600: killed by a gargoyle

You didn't know any spells.

Skills:
 Fighting Skills
   bare handed combat [Unskilled]
   two weapon combat  [Unskilled]
   riding             [Basic]
 Weapon Skills
   dagger             [Unskilled]
   knife              [Unskilled]
   axe                [Unskilled]
   pick-axe           [Unskilled]
   short sword        [Unskilled]
   broadsword         [Unskilled]
   long sword         [Skilled]
   two-handed sword   [Unskilled]
   saber              [Unskilled]
   club               [Unskilled]
   mace               [Unskilled]
   morning star       [Unskilled]
   flail              [Unskilled]
   hammer             [Unskilled]
   polearms           [Unskilled]
   spear              [Unskilled]
   trident            [Unskilled]
   lance              [Basic]
   bow                [Unskilled]
   crossbow           [Unskilled]
 Spellcasting Skills
   attack spells      [Unskilled]
   healing spells     [Unskilled]
   clerical spells    [Unskilled]

Voluntary challenges:
 Character rerolling was not enabled.
 You were an atheist.
 You were illiterate.
 You never genocided any monsters.
 You never polymorphed an object.
 You never changed form.
 You used no wishes.
 You did not violate any of the special Sokoban rules.
Achievements:
 You entered a shop.
 You attained the rank of Esquire.
 You attained the rank of Bachelor.
 You entered Sokoban.

 The Dungeons of Doom: levels 1 to 8
    Level 1:
    Level 2:
       An armor shop.
    Level 3:
       A fountain.
    Level 4:
       A potion shop.
    Level 5:
    Level 6:
    Level 7:
    Level 8:
       A sink.
       Stairs up to Sokoban, level 7.
 Sokoban: levels 7 up to 5
    Level 5: <- You were here.
       Unsolved.
       Final resting place for
          you, killed by a gargoyle.
    Level 6:
       Solved.
    Level 7:
       Solved.


Vanquished creatures:
  a warg
  a small mimic
  a gelatinous cube
  a large dog
  a python
  2 gnome rulers
  2 dwarf mummies
  a Green-elf
  a jaguar
 an ape
  a fire ant
  a mountain nymph
  9 Mordor orcs
 an orc shaman
  3 rock moles
  a pony
  a fog cloud
  a violet fungus
  a gnomish wizard
  a kobold mummy
  a gray ooze
 an elf zombie
  3 giant ants
  2 floating eyes
  a kobold shaman
  9 rothes
  a centipede
  3 giant bats
  a monkey
 an orc zombie
  a dwarf zombie
  a wererat
 11 killer bees
  2 coyotes
  a gas spore
  a large kobold
  3 giant rats
  4 cave spiders
  3 brown molds
  a gnome
  3 geckos
  7 jackals
  a fox
  a kobold
  2 goblins
  6 grid bugs
  2 bats
  a lichen
  a kobold zombie
  7 newts
114 creatures vanquished.

No species were genocided or became extinct.

Game over:
                       ----------
                      /          \
                     /    REST    \
                    /      IN      \
                   /     PEACE      \
                  /                  \
                  |      Booker      |
                  |      72 Au       |
                  |   killed by a    |
                  |     gargoyle     |
                  |                  |
                  |                  |
                  |       2026       |
                 *|     *  *  *      | *
        _________)/\\_//(\/(/\)/\//\/|_)_______

Fare thee well Booker the Knight...

You died in Sokoban on dungeon level 5 with 5531 points,
and 72 pieces of gold, after 6600 moves.
You were level 7 with a maximum of 61 hit points when you died.

